 Dungeon Crawl Stone Soup version 0.15-a0-1569-gdbe329f (webtiles) character file.

483 Amnesiac the Slasher (level 6, 0/44 HPs)
             Began as a Vampire Gladiator on June 18, 2014.
             Was an Initiate of Okawaru.
             Slain by an orc (4 damage)
             ... on Level 3 of the Dungeon.
             The game lasted 00:09:28 (3489 turns).

Amnesiac the Slasher (Vampire Gladiator)            Turns: 3489, Time: 00:09:29

HP   0/44        AC  7     Str 14      XL: 6   Next: 87%
MP   6/6         EV 13     Int 10      God: Okawaru [......]
Gold 201         SH  0     Dex 16      Spells:  0 memorised,  5 levels left

rFire  . . .     SeeInvis +     w - +1 scimitar
rCold  + + .     Clarity  .     i - +0 robe
rNeg   + + +     rCorr    .     (no shield)
rPois  +         rRot     +     s - +1 helmet
rElec  .         Spirit   .     (no cloak)
SustAb .         Warding  .     (no gloves)
rMut   .         Stasis   .     p - +2 pair of boots
Gourm  .                        (no amulet)
MR     .....                    (no ring)
                                (no ring)

@: regenerating slowly, not resistant to hostile enchantments, very unstealthy
A: bottle blood, fangs 3, see invisible, unbreathing
a: Bat Form, Bottle Blood, Renounce Religion


You were on level 3 of the Dungeon.
You worshipped Okawaru.
Okawaru was noncommittal.
You were near bloodless.

You visited 2 branches of the dungeon, and saw 6 of its levels.

You collected 201 gold pieces.

Inventory:

Hand weapons
 e - a +0 blowgun
 q - a +0 dagger
 w - a +1 scimitar (weapon)
Missiles
 c - 5 tomahawks
 d - 3 throwing nets (quivered)
 h - 2 needles of confusion
 m - 7 silver tomahawks
 r - 37 poisoned needles
Armour
 i - a +0 robe (worn)
 p - a +2 pair of boots (worn)
 s - a +1 helmet (worn)
Magical devices
 f - a wand of confusion (0)
Scrolls
 a - a scroll of remove curse {unknown}
 b - 4 scrolls of teleportation {unknown}
 g - 4 scrolls of enchant weapon {unknown}
 j - 6 scrolls of identify {unknown}
 l - 2 scrolls of fog {unknown}
 u - a scroll of random uselessness {unknown}
 v - a scroll of amnesia {unknown}
Potions
 k - a potion of mutation {unknown}
 n - 3 potions of curing
 t - a potion of blood
 x - a potion of invisibility {unknown}
Books
 o - a book of Conjurations

   Spells                             Type                      Level
   Magic Dart                         Conjuration                  1
   Searing Ray                        Conjuration                  2
   Dazzling Spray                     Conjuration/Hexes            3
   Fulminant Prism                    Conjuration/Hexes            4
   Iskenderun's Mystic Blast          Conjuration                  4
   Iskenderun's Battlesphere          Conjuration/Charms           5


   Skills:
 - Level 1.7 Fighting
 + Level 7.9 Long Blades
 - Level 1.5 Throwing
 - Level 3.2 Dodging


You had 5 spell levels left.
You didn't know any spells.

Dungeon Overview and Level Annotations

Branches:
Dungeon (5/15)             Temple (1/1) D:4

Altars:
Ashenzari
Cheibriados
Dithmenos
Elyvilon
Fedhas
Gozag
Kikubaaqudgha
Makhleb
Nemelex Xobeh
Okawaru
Qazlal
Sif Muna
Trog
Vehumet
Xom
Yredelemnul
Zin
The Shining One

Shops:
D:4 (


Innate Abilities, Weirdness & Mutations

You heal slowly.
You can bottle blood from corpses.
You have razor-sharp teeth.*
You have supernaturally acute eyesight.
You can survive without breathing.*


Message History

The orc priest is almost dead.
The orc priest mumbles some strange prayers to Beogh.
You feel a wave of unholy energy pass over you.
You barely miss the orc priest.
The orc priest is almost dead.
The orc closely misses you.
Drink which item? (? for menu, Esc to quit)
You feel better.
It was a potion of curing.
The orc barely misses you.
You barely miss the orc priest.
The orc priest is almost dead.
The orc hits you. The orc misses you. The orc barely misses you.
The orc priest calls down the wrath of Beogh upon you.
Something smites you!
* * * LOW HITPOINT WARNING * * *
Unknown command.
You hit the orc priest.
You kill the orc priest!
Okawaru accepts your kill. The orc closely misses you. The orc hits you.
You die...

#.### ....# #.. . ..#.# .......
#.#.# #########....... ....#
#............. . ..###
#####.##[.###..#.#.# ...#
#...#.##..###..#.#.# #..#
#.#.#...o[.......#.#
..%######.#.####@o###.#....#####
##.##............o...............
...........<.#####....#.<#######
##.##.#>............#....#
##.##.#.###########.#.#..#
##.##.#.# #......# '..##...##
##.##.## ##.##....# #..#.#
+........# ##.#.#


You could see 3 orcs.

Vanquished Creatures
  A scorpion (D:4)
  2 orc priests
  2 crimson imps (D:5)
  2 worker ants (D:4)
  Jessica (D:3)
  10 adders
  3 gnolls (D:4)
  3 giant mites
  2 worms
  A giant gecko (D:4)
  An ooze (D:3)
  10 orcs
  A ball python (D:1)
  6 goblins
  9 hobgoblins
  11 jackals
  5 quokkas
  6 bats
  3 giant cockroaches
  4 giant newts
  8 kobolds
  7 rats
  A rat skeleton (D:4)
99 creatures vanquished.

Notes
Turn   | Place    | Note
--------------------------------------------------------------
     0 | D:1      | Amnesiac, the Vampire Gladiator, began the quest for the Orb.
     0 | D:1      | Reached XP level 1. HP: 16/16 MP: 1/1
   112 | D:1      | Reached XP level 2. HP: 15/22 MP: 2/2
   322 | D:2      | Reached skill level 4 in Long Blades
   343 | D:2      | Reached XP level 3. HP: 22/27 MP: 3/3
   708 | D:3      | Noticed Jessica
   751 | D:3      | Killed Jessica
   751 | D:3      | Reached XP level 4. HP: 22/33 MP: 4/4
   773 | D:3      | Reached skill level 5 in Long Blades
   960 | D:4      | Reached skill level 6 in Long Blades
   960 | D:4      | Reached XP level 5. HP: 17/38 MP: 5/5
  1178 | D:4      | Found Acenloe's Antique Weapon Emporium.
  1650 | D:5      | Entered Level 5 of the Dungeon
  1727 | D:5      | Reached XP level 6. HP: 33/44 MP: 6/6
  1747 | D:5      | Reached skill level 7 in Long Blades
  1785 | D:4      | Found a staircase to the Ecumenical Temple.
  1791 | Temple   | Entered the Ecumenical Temple
  1869 | Temple   | Became a worshipper of Warmaster Okawaru
  3489 | D:3      | Slain by an orc

Action                   |  1- 3 |  4- 6 || total
-------------------------+-------+-------++-------
Melee: Long sword        |    76 |    16 ||    92
       Scimitar          |       |   203 ||   203
 Abil: Bottle Blood      |       |     1 ||     1
  Use: Potion            |     1 |     1 ||     2
 Stab: Sleeping          |       |     1 ||     1
